 Dungeon Crawl Stone Soup version 0.29.1-2-gbd0b4ee654 (webtiles) character file.

Game seed: 16675144838366597496

43663 LustLizard the Severer (level 14, -6/125 HPs)
             Began as a Hill Orc Monk on Nov 22, 2022.
             Was a High Priest of Beogh.
             Mangled by Kirke (15 damage)
             ... on level 12 of the Dungeon.
             The game lasted 01:08:48 (24162 turns).

LustLizard the Severer (Hill Orc Monk)             Turns: 24162, Time: 01:08:49

Health: -6/125     AC:  0    Str: 19    XL:     14   Next: 25%
Magic:  26/26      EV: 14    Int: 10    God:    Beogh [*****.]
Gold:   1397       SH:  5    Dex: 13    Spells: 13/17 levels left

rFire   . . .      SeeInvis .   (weapon currently unavailable)
rCold   . . .      Faith    .   (shield currently unavailable)
rNeg    . . .      Spirit   .   (body armour currently unavailable)
rPois   .          Reflect  +   (helmet currently unavailable)
rElec   .          Harm     .   (cloak currently unavailable)
rCorr   .          Rampage  .   (gloves currently unavailable)
Will    +....                   (boots currently unavailable)
Stlth   ++........              v - amulet of reflection
HPRegen 0.30/turn               (ring currently unavailable)
MPRegen 0.20/turn               (ring currently unavailable)

@: pig-form (expiring), slowed
A: fast, no casting, walk on water, small
a: Renounce Religion, Smiting, Recall Orcish Followers, Give Item to Named
Follower


You were on level 12 of the Dungeon.
You worshipped Beogh.
Beogh was extremely pleased with you.
You were a filthy swine.
You visited 2 branches of the dungeon, and saw 17 of its levels.

You collected 1397 gold pieces.

Inventory:

Hand Weapons
 z - the +6 war axe "Newtslayer" (melded) {freeze, Dex+2}
   (You found it on level 2 of the Lair of Beasts)

   It freezes those it strikes, dealing additional cold damage.
   It can also slow down cold-blooded creatures.
   Dex:       It affects your dexterity (+2).
 A - a +1 war axe
 G - a +4 whip
 U - a +5 battleaxe
Missiles
 e - 9 boomerangs (quivered)
 n - 144 stones
 r - 5 datura-tipped darts
 C - 6 throwing nets
 J - 25 poisoned darts
 L - 8 javelins
Armour
 a - the +3 plate armour of Blue Skies (melded) {rPois rF- rCorr Str+5}
   (You found it on level 5 of the Dungeon)

   Str:       It affects your strength (+5).
   rF:        It makes you vulnerable to fire.
   rPois:     It protects you from poison.
   rCorr:     It protects you from acid and corrosion.
 j - the +5 robe of the Mind {rF+ Slay+2}
   (You found it on level 11 of the Dungeon)

   Slay:      It affects your accuracy & damage with ranged weapons and melee
   (+2).
   rF:        It protects you from fire.
 m - a +0 cloak (melded)
 w - a +1 pair of gloves (melded)
 M - +0 acid dragon scales
 T - a +0 helmet (melded)
Jewellery
 h - a ring of see invisible (melded)
 i - a ring of wizardry
 v - an amulet of reflection (around neck)
 x - a ring of ice
 D - a ring of protection from fire
 E - a +4 ring of evasion (melded)
 N - a ring of flight
 Y - a ring of poison resistance
Wands
 t - a wand of quicksilver (10)
 O - a wand of charming (26)
 P - a wand of roots (6)
 Q - a wand of polymorph (6)
 R - a wand of digging (5)
Scrolls
 d - 4 scrolls of enchant weapon
 f - 9 scrolls of teleportation
 g - 5 scrolls of butterflies
 l - 2 scrolls of fear
 p - a scroll of poison
 q - a scroll of summoning
 s - a scroll of silence
 u - 2 scrolls of noise {unknown}
 y - 6 scrolls of magic mapping
 B - 2 scrolls of blinking
 K - 2 scrolls of amnesia {unknown}
 W - a scroll of brand weapon
Potions
 b - 2 potions of haste
 c - 3 potions of ambrosia
 k - 4 potions of flight
 o - 2 potions of resistance
 H - 7 potions of curing
 I - 2 potions of brilliance
 S - 2 potions of mutation
 V - 4 potions of might
Miscellaneous
 X - a lightning rod (2/4)


   Skills:
 + Level 11.9 Fighting
 * Level 17.5 Axes
 - Level 4.0 Throwing
 + Level 8.4 Armour
 - Level 2.4 Dodging
 - Level 1.5 Stealth
 + Level 2.2 Spellcasting
 * Level 3.6 Translocations
 * Level 3.2 Transmutations
 * Level 16.4 Invocations
 - Level 6.0 Evocations


You had 13 spell levels left.
You knew the following spells:

 Your Spells              Type           Power      Damage    Failure   Level
a - Wereblood             Tmut           7%         N/A       12%         2
b - Blink                 Tloc           16%        N/A       11%         2

Your spell library contained the following spells:

 Spells                   Type           Power      Damage    Failure   Level
 Apportation              Tloc           16%        N/A       7%          1
 Beastly Appendage        Tmut           14%        N/A       9%          1
 Gell's Gravitas          Tloc           8%         N/A       22%         3
 Lesser Beckoning         Tloc           8%         N/A       22%         3
 Teleport Other           Tloc           8%         N/A       22%         3
 Passwall                 Tmut/Erth      3%         N/A       24%         2
 Necrotise                Necr           4%         1d4       30%         1
 Ensorcelled Hibernation  Hex/Ice        2%         N/A       43%         2
 Spider Form              Tmut/Pois      4%         N/A       43%         3
 Ignite Poison            Fire/Tmut/Pois 3%         N/A       52%         3
 Passage of Golubria      Tloc           8%         N/A       56%         4
 Conjure Flame            Conj/Fire      1%         6-21      67%         3
 Dazzling Flash           Conj/Hex       2%         N/A       67%         3
 Swiftness                Air            1%         N/A       67%         3
 Tukima's Dance           Hex            1%         N/A       67%         3
 Vampiric Draining        Necr           1%         2d6       67%         3
 Iskenderun's Mystic Bla  Conj/Tloc      4%         2d3       82%         4
 Manifold Assault         Tloc           8%         N/A       89%         5
 Fulminant Prism          Conj/Hex       0%         3d6       97%         4
 Sticky Flame             Conj/Fire      1%         2d3       97%         4
 Alistair's Intoxication  Tmut/Pois      2%         N/A       99%         5
 Yara's Violent Unravell  Hex/Tmut       2%         3d3       99%         5
 Agony                    Necr           1%         N/A       100%        5
 Lee's Rapid Deconstruct  Erth           0%         3d5*      100%        5
 Silence                  Hex/Air        0%         N/A       100%        5
 Starburst                Conj/Fire      0%         6d3       100%        6
 Storm Form               Tmut/Air       2%         N/A       100%        7
 Ignition                 Fire           0%         3d3       100%        8
 Lehudib's Crystal Spear  Conj/Erth      0%         10d2      100%        8


Dungeon Overview and Level Annotations

Branches:
Dungeon (12/15)            Temple (0/1) D:6            Lair (5/5) D:8
 Shoals (0/4) Lair:3        Snake (0/4) Lair:3        Slime (0/5) Lair:4
    Orc (0/2) D:11

Altars:
Elyvilon
Nemelex Xobeh
Qazlal
Uskayaw
Vehumet

Shops:
D:10 *[

Annotations:
D:12 Kirke
Lair:3 1 runed translucent door, Huasawuy's ghost, journeyman TrHW


Message History

Kirke is severely wounded.
Kirke casts a spell at you.
You feel a momentary urge to oink.
You hit Kirke but do no damage.
Kirke is severely wounded.
Kirke closely misses you.
Kirke casts a spell.
Kirke summons a manticore!
You hit Kirke.
Kirke is almost dead.
Kirke gestures at you while chanting.
You struggle to resist.
You barely miss Kirke.
Kirke is almost dead.
The sphinx casts a spell.
Something smites you!
* * * LOW HITPOINT WARNING * * *
Kirke hits you!
* * * LOW HITPOINT WARNING * * *
You bite Kirke!
Kirke is almost dead.
Kirke hits you!
* * * LOW HITPOINT WARNING * * *
You hit Kirke.
Kirke is almost dead.
Your transformation is almost over.
Kirke gestures at you while chanting.
You feel a momentary urge to oink.
You hit Kirke.
Kirke is almost dead.
Kirke gestures at you while chanting.
You feel as though you will be slow longer.
You hit Kirke.
Kirke is almost dead.
The sphinx disappears in a puff of smoke!
You block Kirke's attack.
You bite Kirke!
Kirke is almost dead.
Kirke hits you!
You die...

....#####.##..........#
....# #...#[........#
....# ###.#...##### ....#
#.###.# ....#######.###.#
......[......##.#######
###
.#########.#...........
... ...#
####.).....###### ###
...# #....###.#h# ###
...####....###.#@###....
...............#hO......
................ยง.......
#
.........^........##....
##### ..................#
... #....
..................# ..
#.#.. ...#.#####.........
# ##+ #.. ##.#.#
#.........# #... #..


You could see Kirke, a two-headed ogre and a hog.

Vanquished Creatures
  2 boulder beetles
  6 hydras
  2 death yaks (Lair:5)
  2 skeletal warriors (D:11)
  2 ugly things
  4 oklob plants (Lair:2)
  A cyclops (D:12)
  5 elephants
  A merfolk siren (Lair:3)
  3 black mambas
  11 cane toads
  A torpor snail (Lair:1)
  2 rime drakes (Lair:5)
  Psyche (D:11)
  4 komodo dragons
  2 trolls
  A polar bear (Lair:5)
  2 blink frogs (Lair:5)
  10 dream sheep
  Sigmund (D:3)
  2 shadows
  A vampire (D:12)
  30 yaks
  10 wyverns
  2 wraiths
  8 basilisks (Lair:5)
  2 hogs (D:12)
  2 vampire mosquitoes (D:11)
  3 acid dragons
  3 nagas (Lair:3)
  10 water moccasins
  Duvessa (D:7)
  An orc warrior (D:9)
  6 ogres
  4 centaurs
  11 wolves
  2 phantoms (D:4)
  A kobold brigand (D:9)
  A necrophage (D:8)
  7 bullfrogs
  2 gnoll sergeants
  A scorpion (Lair:2)
  2 wights
  A howler monkey (D:4)
  5 hounds
  An orc priest (D:7)
  2 gnoll boudas
  2 iguanas
  4 orc wizards
  4 hell rats (Lair:5)
  Robin (D:4)
  10 adders
  23 gnolls
  A white imp (D:6)
  A worm (D:4)
  2 dart slugs
  12 orcs
  4 bats
  3 endoplasms
  4 giant cockroaches
  13 goblins
  9 hobgoblins
  4 jackals
  6 quokkas
  11 ball pythons
  4 frilled lizards
  16 kobolds
  12 rats
330 creatures vanquished.

Vanquished Creatures (collateral kills)
  A boulder beetle (Lair:4)
  A two-headed ogre (D:10)
  A catoblepas (Lair:5)
  A centaur warrior (D:8)
  2 death yaks (Lair:5)
  A deep troll shaman (Lair:5)
  Sonja (D:11)
  2 skeletal warriors (D:11)
  A lindwurm (Lair:5)
  An elephant (Lair:5)
  A black mamba (Lair:5)
  A rime drake (Lair:5)
  2 cane toads
  3 komodo dragons
  3 blink frogs (Lair:5)
  2 wyverns (D:10)
  2 wraiths
  21 yaks
  A steam dragon (D:10)
  4 vampire mosquitoes
  3 water moccasins
  An orc warrior (D:6)
  6 ogres
  A centaur (D:7)
  4 wolves
  4 bullfrogs
  4 scorpions
  6 wights
  Dowan (D:7)
  3 hounds
  An orc priest (D:4)
  A jelly (D:5)
  An iguana (D:6)
  An orc wizard (D:7)
  3 hell rats (Lair:5)
  9 gnolls
  An adder (D:4)
  A worm (D:5)
  6 orcs
  A kobold (D:4)
  2 goblins (D:4)
112 creatures vanquished.

Vanquished Creatures (others)
  Lodul (D:11)
  3 orc priests
  2 orc warriors
  3 orc wizards
  11 orcs
  A rat (D:3)
  A bush (Lair:5)
  44 fungi
  61 plants
127 creatures vanquished.

Grand Total: 569 creatures vanquished

Notes
Turn   | Place    | Note
-------+----------+-------------------------------------------
     0 | D:1      | LustLizard the Hill Orc Monk began the quest for the Orb.
     0 | D:1      | Reached XP level 1. HP: 19/19 MP: 1/1
    91 | D:1      | Reached XP level 2. HP: 23/27 MP: 2/2
   143 | D:1      | Found a faded altar of an unknown god.
   632 | D:1      | Reached skill level 5 in Axes
   661 | D:1      | Reached XP level 3. HP: 29/33 MP: 3/3
   925 | D:2      | Found a hide-covered altar of Uskayaw.
  1511 | D:2      | Reached XP level 4. HP: 41/41 MP: 4/4
  2097 | D:3      | Reached skill level 6 in Axes
  2106 | D:3      | Became a worshipper of Beogh the Brigand
  2106 | D:3      | Reached * piety under Beogh
  2106 | D:3      | Reached ** piety under Beogh
  2266 | D:3      | Noticed Sigmund
  2281 | D:3      | Killed Sigmund
  2282 | D:3      | Reached skill level 5 in Fighting
  2282 | D:3      | Reached skill level 1 in Throwing
  2282 | D:3      | Reached XP level 5. HP: 23/48 MP: 4/7
  2282 | D:3      | Reached XP level 6. HP: 27/56 MP: 4/8
  2650 | D:3      | Reached skill level 7 in Axes
  3856 | D:4      | Reached XP level 7. HP: 61/61 MP: 8/10
  4070 | D:4      | Found a stormy altar of Qazlal.
  4142 | D:4      | Reached skill level 8 in Axes
  4700 | D:4      | Noticed Robin
  4713 | D:4      | Reached skill level 5 in Invocations
  4713 | D:4      | Killed Robin
  4732 | D:4      | Reached *** piety under Beogh
  5033 | D:4      | Reached XP level 8. HP: 70/70 MP: 12/12
  5797 | D:5      | Entered Level 5 of the Dungeon
  5864 | D:5      | Reached skill level 9 in Axes
  6294 | D:5      | Identified the +3 plate armour of Blue Skies {rPois rF-
                  | rCorr Str+5}
  6564 | D:6      | Reached **** piety under Beogh
  7045 | D:6      | Reached XP level 9. HP: 75/78 MP: 14/14
  7123 | D:6      | You fall into a shaft and drop 3 floors!
  7367 | D:9      | Reached skill level 10 in Axes
  7463 | D:9      | Reached skill level 1 in Evocations
  7871 | D:8      | Found a staircase to the Lair.
  7989 | D:8      | Reached skill level 11 in Axes
  8111 | D:7      | Gained Oruk as an ally
  8404 | D:6      | Found a sparkling altar of Nemelex Xobeh.
  8424 | D:6      | Found a staircase to the Ecumenical Temple.
  8610 | D:7      | Reached ***** piety under Beogh
  8735 | D:7      | Noticed Duvessa
  8736 | D:7      | Noticed Dowan
  8743 | D:7      | Killed Duvessa
  8750 | D:7      | Killed Dowan
  8751 | D:7      | Reached XP level 10. HP: 71/88 MP: 17/17
  9266 | D:7      | Noticed a six-headed hydra
  9273 | D:7      | Killed a six-headed hydra
  9274 | D:7      | Reached skill level 1 in Armour
  9274 | D:7      | Reached skill level 10 in Invocations
 10001 | D:8      | Reached skill level 12 in Axes
 10129 | D:8      | Noticed a centaur warrior
 10134 | D:8      | Killed a centaur warrior
 10740 | D:9      | Found a white marble altar of Elyvilon.
 11406 | D:10     | Entered Level 10 of the Dungeon
 11406 | D:10     | Found Nisih's Armour Boutique.
 11409 | D:10     | Identified the +6 rapier "Peutroka" {elec, MP+9}
 11478 | D:10     | Noticed a two-headed ogre
 11492 | D:10     | Reached XP level 11. HP: 27/95 MP: 19/19
 11497 | D:10     | Reached skill level 13 in Axes
 11500 | D:10     | Gained Bogwik as an ally
 11503 | D:10     | Killed a two-headed ogre
 12083 | D:10     | Found a radiant altar of Vehumet.
 12108 | D:10     | Found Ebus's Serpentskin Sales.
 12456 | D:11     | Reached skill level 5 in Evocations
 12607 | D:11     | Noticed a brown ugly thing
 12615 | D:11     | Killed a brown ugly thing
 12730 | D:11     | Noticed Lodul
 12730 | D:11     | Noticed a skeletal warrior
 12730 | D:11     | Noticed a skeletal warrior
 12732 | D:11     | Noticed a skeletal warrior
 12735 | D:11     | Noticed a skeletal warrior
 12736 | D:11     | Killed Lodul
 12741 | D:11     | Killed a skeletal warrior
 12748 | D:11     | Killed a skeletal warrior
 12749 | D:11     | Reached skill level 14 in Axes
 12749 | D:11     | Killed a skeletal warrior
 12751 | D:11     | Reached skill level 5 in Armour
 12756 | D:11     | Killed a skeletal warrior
 13130 | D:11     | Found a staircase to the Orcish Mines.
 13224 | D:11     | Noticed Sonja
 13232 | D:11     | Killed Sonja
 13521 | D:11     | Identified the +5 robe of the Mind {rF+ Slay+2}
 13590 | D:11     | Gained Arkwar as an ally
 13820 | D:11     | Noticed Psyche
 13828 | D:11     | Killed Psyche
 13829 | D:11     | Reached XP level 12. HP: 71/106 MP: 21/21
 14139 | Lair:1   | Entered Level 1 of the Lair of Beasts
 14305 | Lair:1   | Gained Rocco as an ally
 14548 | Lair:1   | Reached skill level 10 in Fighting
 14795 | Lair:1   | Your ally Rocco died
 15650 | Lair:1   | Reached skill level 15 in Axes
 15852 | Lair:2   | Noticed an eight-headed hydra
 15926 | Lair:2   | Killed an eight-headed hydra
 17475 | Lair:2   | Identified the +6 war axe "Newtslayer" {freeze, Dex+2}
 17854 | Lair:3   | Reached skill level 16 in Axes
 18122 | Lair:3   | Found a runed translucent door.
 18125 | Lair:3   | Noticed Huasawuy's ghost (journeyman TrHW)
 18135 | Lair:3   | Noticed a four-headed hydra
 18358 | Lair:3   | Found a staircase to the Shoals.
 18376 | Lair:3   | Reached XP level 13. HP: 115/115 MP: 24/24
 18715 | Lair:3   | Found a staircase to the Snake Pit.
 18723 | Lair:3   | Reached skill level 15 in Invocations
 19136 | Lair:4   | Found a staircase to the Slime Pits.
 19588 | Lair:4   | Learned a level 2 spell: Wereblood
 19591 | Lair:4   | Learned a level 2 spell: Blink
 20071 | Lair:5   | Entered Level 5 of the Lair of Beasts
 20282 | Lair:5   | Reached skill level 1 in Translocations
 20541 | Lair:5   | Reached skill level 1 in Transmutations
 20767 | Lair:5   | Reached skill level 1 in Spellcasting
 21293 | Lair:5   | Reached skill level 17 in Axes
 22018 | Lair:5   | Reached XP level 14. HP: 34/125 MP: 26/26
 22027 | Lair:5   | HP: 4/125 [lindwurm/blast of flame (33)]
 22556 | Lair:5   | Got the Octavo of the Crypt and the Arsonist
 24089 | D:12     | Noticed Kirke
 24121 | D:12     | Noticed a sphinx
 24130 | D:12     | HP: 6/125 [something (17)]
 24162 | D:12     | Mangled by Kirke

Illustrated notes

Levels and vault maps discovered:
D:1:      dpeg_arrival_stonehenge_12_columns, layout_rooms,
          basic_ecumenical_altar
D:2:      layout_loops_ring, basic_altar, chequers_serial_rivers_room_b
D:3:      layout_basic, amcnicky_mini_corridor_feature, minmay_surrounded,
          uniq_sigmund
D:4:      layout_layer_cave, grunt_qazlal_sundering, minmay_misc_feat_rugged,
          nzn_random_ring, uniq_robin
D:5:      layout_cave_pools
D:6:      layout_cave_pools, nemelex_diamond_rough_becter,
          minmay_temple_entry_glassed_door, kennysheep_generic_room_13
D:7:      layout_cave_pods, minmay_misc_feat_tower,
          hangedman_abyss_or_decor_passed, nrook_loot_triangle, uniq_duvessa
D:8:      minmay_chambers_of_sixes, layout_cave_pools, dpeg_oklobed_lair
D:9:      layout_layer_cave, elyvilon_altar_5
D:10:     layout_rooms, kennysheep_mini_moat, serial_shops, nicolae_square_shop,
          guppyfry_shop_venom
D:11:     layout_loops_ring, orc_0_dummy, uniq_psyche, uniq_lodul, uniq_sonja
D:12:     layout_basic, uniq_kirke
Lair:1:   layout_layer_cave
Lair:2:   minmay_lair_oklob_tunnel, layout_gridlike, grunt_megastairs_3
Lair:3:   layout_cave_pods, minmay_shoals_entry_lonely_mermaid,
          minmay_snake_entry_guardpost_small, ebering_ghost_inner_flame
Lair:4:   layout_roguey, slime_entry_1, serial_bayou_shore_b,
          infiniplex_staircase_pool_2
Lair:5:   grunt_lair_end_beastmaster, layout_layer_cave, special_room
          [special_room_mythical_zoo], grunt_megastairs_4

Skill      XL: |  1  2  3  4  5  6  7  8  9 10 11 12 13 14 |
---------------+-------------------------------------------+-----
Fighting       | 4 5 6 7 8 9 10 11 | 11.9
Axes           | 5 6 7 8 9 11 12 14 16 17 | 17.5
Throwing       | 1 2 3 4 |  4.0
Invocations    | 2 4 5 7 9 11 13 14 16 | 16.4
Evocations     | 2 4 5 6 |  6.0
Armour         | 3 5 7 8 |  8.4
Translocations | 3 |  3.6
Transmutations | 2 3 |  3.2
Spellcasting   | 1 2 |  2.2
Dodging        | |  2.4
Stealth        | |  1.5

Action                   |  1- 3 |  4- 6 |  7- 9 | 10-12 | 13-15 || total
-------------------------+-------+-------+-------+-------+-------++-------
Melee: Hand axe          |   157 |    40 |       |       |       ||   197
       War axe           |       |    91 |   147 |    38 |   259 ||   535
       Whip              |       |    74 |   176 |       |       ||   250
       Punch             |       |     2 |     2 |       |     6 ||    10
       Battleaxe         |       |       |       |   311 |       ||   311
       Unarmed           |       |       |       |       |    49 ||    49
Throw: Stone             |       |     3 |    27 |     8 |    10 ||    48
       Throwing net      |       |     1 |       |       |       ||     1
       Boomerang         |       |     4 |    12 |    15 |    31 ||    62
       Dart              |       |       |     8 |     7 |    11 ||    26
Invok: Convert to Beogh  |       |     1 |       |       |       ||     1
       Smiting           |       |       |     1 |     7 |     4 ||    12
       Recall Orcish Fol |       |       |     1 |     7 |     3 ||    11
       Give Item to Name |       |       |       |     4 |       ||     4
       Stop Recall       |       |       |       |     2 |       ||     2
Evoke: Wand              |       |       |     1 |       |     3 ||     4
       Lightning rod     |       |       |       |       |     2 ||     2
  Use: Scroll            |       |       |    12 |    10 |     2 ||    24
       Potion            |       |       |       |     1 |    12 ||    13
 Stab: Sleeping          |     1 |       |       |       |       ||     1
       Distracted        |       |       |       |     8 |     1 ||     9
       Confused          |       |       |       |     1 |       ||     1
       Petrified         |       |       |       |       |     8 ||     8
       Paralysed         |       |       |       |       |     2 ||     2
       Petrifying        |       |       |       |       |     1 ||     1
Armor: Robe              |     4 |       |       |       |       ||     4
       Chain mail        |    76 |    80 |    62 |       |       ||   218
       Leather armour    |    13 |       |       |       |       ||    13
       Plate armour      |       |       |    50 |   121 |   140 ||   311
Dodge: Dodged            |    77 |    75 |   152 |   140 |   144 ||   588
Block: Other             |       |    56 |    60 |    58 |    66 ||   240
       Reflection        |       |       |     3 |       |       ||     3
